 Dungeon Crawl Stone Soup version 0.31-a0-986-g5e6e4ef867 (webtiles) character file.

Game seed: 10604111304369792473

102 timneilson the Ruffian (level 4, -4/29 HPs)
             Began as an Octopode Shapeshifter on Nov 11, 2023.
             Killed from afar by an orc wizard (11 damage)
             ... with a magic dart
             ... on level 3 of the Dungeon.
             The game lasted 00:01:49 (1286 turns).

timneilson the Ruffian (Octopode Shapeshifter)      Turns: 1286, Time: 00:01:49

Health: -4/29      AC:  1    Str: 15    XL:     4   Next: 78%
Magic:  5/5        EV: 13    Int: 12    God:
Gold:   105        SH:  0    Dex: 11    Spells: 4/4 levels left

rFire   . .          .
                       - Unarmed
rCold   . . .        (no shield)
rNeg    . . .        (helmet currently unavailable)
rPois   .            (no amulet)
rElec   .            (no ring)
rCorr   .            (no ring)
SInv    .            (no ring)
Will    .....        (no ring)
Stlth   ++           (no ring)
HPRegen 0.24/turn    (no ring)
MPRegen 0.09/turn    (no ring)
                     (no ring)

%: no passive effects
@: confused, beast-form
A: beast (slay +1), almost no armour, amphibious, 8 rings, camouflage 1,
gelatinous body 1, (nimble swimmer 1), tentacles
a: Begin Untransformation


You were on level 3 of the Dungeon.
You were a hulking beast.
You visited 1 branch of the dungeon, and saw 4 of its levels.

You collected 105 gold pieces.

Inventory:

Talismans
 b - a beast talisman
 c - a flux talisman
Scrolls
 d - 2 scrolls of identify
 e - a scroll of butterflies
 g - 2 scrolls of immolation {unknown}
Potions
 a - a potion of lignification
 f - a potion of brilliance {unknown}
 h - a potion of enlightenment {unknown}
 i - a potion of resistance {unknown}


   Skills:
 * Level 2.1 Fighting
 * Level 2.7 Dodging
 + Level 1.6 Stealth
 * Level 3.5 Unarmed Combat
 + Level 0.9 Spellcasting
 * Level 3.4 Shapeshifting


You had 4 spell levels left.
You didn't know any spells.
Your spell library contained the following spells:

 Spells                   Type           Power      Damage    Failure   Level
 Inner Flame              Hex/Fire       0%         N/A       67%         3
 Flame Wave               Conj/Fire      0%         2d4       97%         4
 Sticky Flame             Conj/Fire      0%         2d3       97%         4


Dungeon Overview and Level Annotations

Branches:
Dungeon (4/15)
 Temple: D:4-7

Altars:


Innate Abilities, Weirdness & Mutations

You are a hulking beast.
Your limbs bulge with bestial killing power. (Slay +1)
You cannot wear most types of armour.
You are amphibious.
You can wear up to eight rings at the same time.
Your skin changes colour to match your surroundings (Stealth+).
Your rubbery body absorbs attacks. (AC +1, EV +1)
((You are camouflaged when in or above water. (Stealth+)))
You have tentacles for arms and can constrict up to eight enemies at once.


Message History

Found an escape hatch in the ceiling.
An orc comes into view. It is wielding a +0 mace.
You tentacle-slap the orc. You grab the orc.
The orc is moderately wounded.
You constrict the orc, but do no damage.
The orc hits you with a +0 short sword.
You tentacle-slap the orc. You squeeze the orc.
You kill the orc!
Things that are here:
a +0 short sword; a +0 ring mail You barely miss the orc.
Your grab misses the orc. You squeeze the orc.
The orc is moderately wounded.
You barely miss the orc priest. You grab the orc priest.
You squeeze the orc priest!
The orc priest is almost dead.
You constrict the orc priest. The orc hits you with a +0 mace!
The orc priest barely misses you.
You tentacle-slap the orc priest.
You kill the orc priest!
The orc hits you with a +0 mace.
Your Fighting skill increases to level 2!
You closely miss the orc. Your grab misses the orc.
The orc is moderately wounded.
The orc closely misses you. Something hits you.
Unknown command.
You barely miss the orc. Your grab misses the orc. You squeeze the orc.
You kill the orc!
A magic dart appears from out of thin air!
The magic dart hits you! Something hits you.
* * * LOW HITPOINT WARNING * * *
Things that are here:
a +0 mace; a +0 short sword; a +0 ring mail You tentacle-slap something.
Your squeeze misses something.
You hear some strange, mumbled words.
You are confused.
You hear some strange, mumbled words.
A magic dart appears from out of thin air!
The magic dart hits you!
You die...

..........# ####.#
# #######.#.####
#.#### #
##.#....###....####
#.........####.....
#..#..#.#.# ######
#..#......# ...
#..##.#.### ####
#.{)..#...
##h######..$
#.........#.....
#.######+## .... ..
... ..< !.. .. .


There were no monsters in sight!

Vanquished Creatures
  An orc priest (D:3)
  A gnoll (D:1)
  3 adders
  A worm (D:3)
  2 dart slugs
  2 orcs (D:3)
  2 ball pythons
  5 endoplasms
  A giant cockroach (D:2)
  2 goblins (D:1)
  2 hobgoblins (D:1)
  A quokka (D:2)
  2 bats (D:2)
  3 frilled lizards
  2 rats
30 creatures vanquished.

Notes
Turn   | Place    | Note
-------+----------+-------------------------------------------
     0 | D:1      | timneilson the Octopode Shapeshifter began the quest for
                  | the Orb.
     0 | D:1      | Reached XP level 1. HP: 13/13 MP: 1/1
   105 | D:1      | Found a faded altar of an unknown god.
   423 | D:1      | Reached XP level 2. HP: 18/18 MP: 2/2
   789 | D:1      | Reached skill level 1 in Stealth
   789 | D:1      | Reached XP level 3. HP: 23/23 MP: 3/3
  1139 | D:2      | You fall into a shaft and drop 2 floors!
  1186 | D:3      | Reached XP level 4. HP: 29/29 MP: 3/5
  1286 | D:3      | Killed from afar by an orc wizard

Illustrated notes

Levels and vault maps discovered:
D:1:      lightli_arrival_statuegarden, layout_loops_corners,
          shapermc_ecumenical_altar_ellora
D:2:      layout_loops_ring, serial_shops, nicolae_shop_tiny_real_fake_doors
D:3:      layout_basic, minmay_liquid_box
D:4:      layout_rooms, serial_corexii_hall, corexii_hall_statues_s,
          corexii_hall_statues_i, chequers_hall_statues_corner_a,
          corexii_hall_statues_i, corexii_hall_statues_i,
          corexii_hall_statues_x, serial_bayou_lagoon_b

Skill      XL: |  1  2  3  4 |
---------------+-------------+-----
Stealth        | 1 |  1.6
Fighting       | 2 |  2.1
Dodging        | |  2.7
Unarmed Combat | |  3.5
Spellcasting   | |  0.9
Shapeshifting  | |  3.4

Action                     |  1- 3 |  4- 6 || total
---------------------------+-------+-------++-------
  Melee: Unarmed           |    52 |    15 ||    67
         Tentacles         |    11 |     7 ||    18
         Constrict         |     9 |     5 ||    14
         Punch             |     1 |       ||     1
    Use: Scroll            |     3 |       ||     3
   Stab: Sleeping          |    10 |       ||    10
 Armour: Skin              |    17 |     9 ||    26
  Dodge: Dodged            |    27 |     6 ||    33

Table legend: (Time is in decaauts)
 A = Elapsed time spent in this place.
 B = Non-inter-level travel time spent in this place.
 C = Inter-level travel time spent in this place.
 D = Time resting spent in this place.
 E = Time spent auto-exploring this place.
 F = Levels seen in this place.
 G = Mean time per level.
                   A        B        C        D        E       F      G
               +--------+--------+--------+--------+--------+-----+--------+
         Total |   1281 |   1231 |     50 |      0 |    978 |   4 |  320.2 |
       Dungeon |   1281 |   1231 |     50 |      0 |    978 |   4 |  320.2 |
               +--------+--------+--------+--------+--------+-----+--------+

Top non-repeatable levels by time:
     D:1: 980 daAuts
     D:2: 155 daAuts
     D:3: 134 daAuts
     D:4: 10 daAuts
